 Dungeon Crawl Stone Soup version 0.23.2-30-g0e89c35649 (webtiles) character file.

Game seed: 4514733217458252038

56585 HammerPanzer the Fencer (level 14, -7/127 HPs)
             Began as a Green Draconian Berserker on June 8, 2019.
             Was the Champion of Trog.
             Mangled by an orc warrior
             ... wielding a +0 mace
              (11 damage)
             ... on level 2 of the Orcish Mines.
             The game lasted 01:15:10 (24040 turns).

HammerPanzer the Fencer (DrBe)                     Turns: 24040, Time: 01:15:10

Health: -7/127     AC: 10    Str: 22    XL:     14   Next: 42%
Magic:  4/4        EV: 21    Int: 13    God:    Trog [******]
Gold:   1719       SH:  4    Dex: 14    Spells: 13/13 levels left

rFire    . . .     SeeInvis +   z - +6 falchion of the Wary Beggars {antimagic, rPois Int+6 SInv}
rCold    + . .     Gourm    .   h - +1 buckler
rNeg     . . .     Faith    .   (armour unavailable)
rPois    +         Spirit   .   (helmet restricted)
rElec    .         Reflect  .   d - scarf {repulsion}
rCorr    +         Harm     .   P - +0 pair of gloves
MR       +....                  H - +0 pair of boots {Fly}
Stlth    +.........             (no amulet)
HPRegen  0.31/turn              c - ring of resist corrosion
MPRegen  0.09/turn              e - ring of protection from cold

@: about to teleport, berserk cooldown, flying, slowed, repel missiles, very
slow
A: breathe noxious fumes, unfitting armour, stinger 1, poison resistance,
cold-blooded, AC +8
a: Breathe Noxious Fumes, Berserk, Trog's Hand, Brothers in Arms, Renounce
Religion, Stop Flying


You were on level 2 of the Orcish Mines.
You worshipped Trog.
Trog was exalted by your worship.
You were very hungry.

You visited 2 branches of the dungeon, and saw 17 of its levels.

You collected 1719 gold pieces.

Inventory:

Hand Weapons
 m - a +3 vampiric great sword
 w - a cursed -3 falchion
 x - a +3 scimitar of freezing
 z - the +6 falchion of the Wary Beggars (weapon) {antimagic, rPois Int+6 SInv}
   (You found it on level 14 of the Dungeon)

   It reduces the magical energy of the wielder, and disrupts the spells and
   magical abilities of those hit.
   Natural abilities and divine invocations are not affected.
   It affects your intelligence (+6).
   It protects you from poison.
   It lets you see invisible.
 A - a +0 demon blade
 I - a +4 scimitar of flaming
 Q - a +5 antimagic double sword
Missiles
 f - 2 tomahawks (quivered)
 i - 10 javelins
Armour
 d - a scarf of repulsion (worn)
 h - a +1 buckler (worn)
 H - a +0 pair of boots of flying (worn)
 P - a +0 pair of gloves (worn)
Jewellery
 c - a ring of resist corrosion (left hand)
 e - a ring of protection from cold (right hand)
Wands
 j - a wand of flame (56)
 o - a wand of digging (16)
 q - a wand of iceblast (16)
 s - a wand of paralysis (13)
 y - a wand of acid (12)
 J - a wand of polymorph (10)
 L - a wand of enslavement (9)
 M - a wand of random effects (21)
Scrolls
 a - 9 scrolls of identify
 g - 6 scrolls of teleportation
 r - 3 scrolls of magic mapping
 C - a scroll of summoning
 D - 2 scrolls of enchant weapon
 G - 2 scrolls of blinking
 K - a scroll of enchant armour
 O - 3 scrolls of remove curse
Potions
 k - 6 potions of curing
 l - 4 potions of haste
 n - a potion of resistance
 p - 4 potions of flight
 t - a potion of mutation
 u - 2 potions of agility
 v - a potion of ambrosia
 B - 3 potions of invisibility
 E - a potion of brilliance
 N - a potion of might
Miscellaneous
 F - a phantom mirror
Comestibles
 b - 21 rations
 R - 6 chunks of flesh


   Skills:
 + Level 12.8 Fighting
 * Level 15.8 Long Blades
 * Level 14.6 Dodging


You had 13 spell levels left.
You didn't know any spells.
Your spell library was empty.

Dungeon Overview and Level Annotations

Branches:
Dungeon (15/15)            Temple (0/1) D:6            Lair (0/6) D:10
    Orc (2/2) D:11         Vaults (0/5) D:13         Depths (0/5) D:15
    Elf: Orc:2

Altars:
Ashenzari
Cheibriados
Fedhas
Gozag
Hepliaklqana
Okawaru
Trog
Uskayaw
Zin

Shops:
D:5 (:[   D:13 ?(   Orc:2 **%*

Annotations:
D:3 exclusion: oklob plant
D:14 1 runed translucent door


Innate Abilities, Weirdness & Mutations

You can breathe blasts of noxious fumes.
Your lurid green scales are hard. (AC +8)
You cannot fit into any form of body armour.
Your tail ends in a poisonous barb.
Your system is resistant to poisons. (rPois)
You are cold-blooded and may be slowed by cold attacks.


Message History

* * * LOW HITPOINT WARNING * * *
You closely miss the orc warrior.
The orc warrior is almost dead.
The orc warrior barely misses you.
You riposte.
You hit the orc warrior.
The orc warrior is almost dead.
The orc warrior closely misses you.
You see here a +0 flail.
The orc warrior hits you with a +0 mace!
* * * LOW HITPOINT WARNING * * *
As you read the scroll of teleportation, it crumbles to dust.
You feel strangely unstable.
The orc warrior hits you with a +0 long sword.
* * * LOW HITPOINT WARNING * * *
The orc warrior hits you with a +0 mace.
* * * LOW HITPOINT WARNING * * *
The orc warrior hits you with a +0 long sword!
* * * LOW HITPOINT WARNING * * *
You have got your breath back.
The orc warrior hits you with a +0 mace!
You die...

### ##.## #...#
##..#####
##@.####.##
##oo..##...#
##......##.##
##).##.......#
##.)####))...##
##.)## #.....##
##..## ##...##
#o.## #...# ##
. ....o...##
##..###. ##


You could see 3 orc warriors.

Vanquished Creatures
  Rupert (D:13)
  A stone giant (D:11)
  An ettin (D:15)
  Snorg (D:13)
  2 ogre magi (D:15)
  A rakshasa (D:13)
  5 centaur warriors
  2 catoblepae
  2 hydras (D:13)
  11 two-headed ogres
  The ghost of Tramtrist the Chopper, a novice DDFi of Makhleb (D:8)
  Erica (D:10)
  3 tengu warriors
  Urug (D:10)
  A sixfirhy (Orc:2)
  A hell knight (D:15)
  3 unseen horrors
  2 orc knights
  A necromancer (D:11)
  2 ugly things
  5 cyclopes
  2 manticores (D:15)
  A deep elf mage (D:13)
  Joseph (D:8)
  3 centaur skeletons
  3 gargoyles
  A spiny frog (shapeshifter) (D:13)
  2 tengu conjurers
  2 efreet
  3 meliai (D:14)
  5 trolls
  2 hornets
  A slime creature (D:13)
  5 hippogriffs
  A blink frog (shapeshifter) (D:14)
  A centaur simulacrum (D:14)
  A wraith (D:13)
  2 shadows
  20 yaks
  2 hogs (shapeshifter)
  16 humans
  A basilisk (shapeshifter) (D:13)
  2 hungry ghosts (D:9)
  4 vampire mosquitoes
  A basilisk (D:10)
  2 wargs
  3 acid dragons
  A water moccasin (D:9)
  2 ice beasts (D:8)
  5 sky beasts
  An eye of draining (D:13)
  A black bear (D:8)
  2 necrophages
  24 orc warriors
  3 phantoms
  7 ogres
  A tengu (shapeshifter) (D:12)
  15 centaurs
  A crocodile (D:10)
  4 big kobolds
  12 bullfrogs
  A wyvern zombie (D:9)
  2 scorpions
  10 killer bees
  2 howler monkeys
  22 wights
  2 crimson imps
  4 bullfrog zombies
  5 centaur zombies
  A quasit (D:9)
  3 jellies
  18 orc priests
  22 orc wizards
  A bullfrog skeleton (D:13)
  13 hounds
  3 iguanas (D:9)
  8 worker ants
  4 polar bear simulacra (D:11)
  5 yak simulacra (D:11)
  2 human simulacra (D:9)
  A worker ant zombie (D:11)
  9 gnolls
  11 adders
  4 shadow imps
  2 oozes
  An adder zombie (D:7)
  An adder skeleton (D:5)
  A worm (D:2)
  2 dart slugs
  6 leopard geckos
  65 orcs
  7 giant cockroaches
  9 goblins
  10 hobgoblins
  19 kobolds
  3 quokkas (D:4)
  A ball python (D:4)
  A ball python zombie (D:5)
  7 bats
  4 frilled lizards
  A jackal zombie (D:6)
  A leopard gecko skeleton (D:4)
  A leopard gecko zombie (D:5)
  A quokka skeleton (D:5)
  A quokka zombie (D:5)
  9 rats
  2 river rat simulacra (D:11)
522 creatures vanquished.

Vanquished Creatures (others)
  2 ice beasts
  A centaur (D:9)
  A bullfrog zombie (D:9)
  A centaur simulacrum (D:9)
  A kobold (D:10)
  A plant (D:13)
  8 toadstools (D:3)
15 creatures vanquished.

Grand Total: 537 creatures vanquished

Notes
Turn   | Place    | Note
-------+----------+-------------------------------------------
     0 | D:1      | HammerPanzer the Draconian Berserker began the quest for
                  | the Orb.
     0 | D:1      | Reached XP level 1. HP: 19/19 MP: 1/1
   215 | D:1      | Reached XP level 2. HP: 21/26 MP: 2/2
   826 | D:2      | Reached ** piety under Trog
   886 | D:2      | Reached XP level 3. HP: 31/31 MP: 3/3
  1057 | D:2      | Noticed a moth of wrath
  1060 | D:2      | Found a bloodstained altar of Trog.
  1258 | D:2      | Found a shattered altar of Ashenzari.
  1261 | D:2      | Found a hide-covered altar of Uskayaw.
  1261 | D:2      | Found a snail-covered altar of Cheibriados.
  1428 | D:2      | Found a faded altar of an unknown god.
  1824 | D:2      | Found a hazy altar of Hepliaklqana.
  1824 | D:2      | Found an iron altar of Okawaru.
  1948 | D:3      | Reached XP level 4. HP: 38/40 MP: 4/4
  2005 | D:3      | Found a blossoming altar of Fedhas.
  2027 | D:3      | Noticed an oklob plant
  2173 | D:3      | Found a glowing silver altar of Zin.
  2235 | D:3      | Reached skill level 4 in Long Blades
  2762 | D:4      | Got a warped rapier
  2862 | D:4      | Noticed a phantom
  2874 | D:4      | Killed a phantom
  2874 | D:4      | Reached XP level 5. HP: 29/46 MP: 5/5
  3241 | D:4      | Reached XP level 6. HP: 53/53 MP: 6/6
  3461 | D:4      | Reached skill level 5 in Long Blades
  3542 | D:4      | Reached *** piety under Trog
  4041 | D:4      | Reached skill level 5 in Dodging
  4172 | D:4      | Your scales start taking on a lurid green colour.
  4172 | D:4      | Reached XP level 7. HP: 60/60 MP: 7/7
  4172 | D:4      | Gained mutation: Your system is resistant to poisons.
                  | (rPois) [Green Draconian growth]
  4385 | D:5      | Entered Level 5 of the Dungeon
  4485 | D:5      | Found Yleyl's Antique Armour Shoppe.
  4528 | D:5      | Reached skill level 5 in Fighting
  4794 | D:5      | Found Sereut's Book Shop.
  4890 | D:5      | Found Beitany's Weapon Shoppe.
  5138 | D:6      | Reached skill level 6 in Long Blades
  5552 | D:6      | Reached **** piety under Trog
  5685 | D:6      | Reached XP level 8. HP: 67/69 MP: 8/8
  5729 | D:6      | Found a staircase to the Ecumenical Temple.
  5903 | D:7      | Noticed a hippogriff
  5913 | D:7      | Killed a hippogriff
  6140 | D:7      | Reached skill level 7 in Long Blades
  6711 | D:8      | Found a runed translucent door.
  6711 | D:8      | Noticed Joseph
  6722 | D:8      | Killed Joseph
  6777 | D:8      | Reached skill level 8 in Long Blades
  6777 | D:8      | Reached XP level 9. HP: 78/78 MP: 9/9
  7219 | D:8      | Noticed Tramtrist's ghost (novice DDFi)
  7247 | D:8      | Killed Tramtrist's ghost
  7247 | D:8      | Reached skill level 9 in Long Blades
  8113 | D:9      | Noticed a two-headed ogre
  8123 | D:9      | Reached XP level 10. HP: 88/88 MP: 10/10
  8237 | D:9      | Paralysed by a hornet for 1 turns
  8697 | D:9      | Found a transporter.
  8946 | D:9      | Noticed a two-headed ogre
  9012 | D:9      | Reached skill level 10 in Long Blades
  9207 | D:9      | Killed a two-headed ogre
  9207 | D:9      | Reached ***** piety under Trog
  9265 | D:9      | Found a transporter.
  9651 | D:10     | Entered Level 10 of the Dungeon
  9758 | D:10     | Noticed a two-headed ogre
 10387 | D:9      | Killed a two-headed ogre
 10387 | D:9      | Reached skill level 10 in Dodging
 10467 | D:9      | Identified the +6 rapier "Dragonbane" {pierce, rF+ Dex+4}
                  | (You found it on level 4 of the Dungeon)
 10521 | D:9      | Reached skill level 11 in Long Blades
 10716 | D:9      | Reached XP level 11. HP: 76/97 MP: 11/11
 10921 | D:10     | Killed a two-headed ogre
 11377 | D:10     | Killed an unseen horror
 11471 | D:10     | Noticed Erica
 11479 | D:10     | Found a staircase to the Lair.
 11492 | D:10     | Killed Erica
 11699 | D:10     | Reached skill level 12 in Long Blades
 11720 | D:10     | Noticed Urug
 11737 | D:10     | Killed Urug
 12501 | D:11     | Reached skill level 10 in Fighting
 12856 | D:11     | Noticed a necromancer
 12863 | D:11     | Killed a necromancer
 12863 | D:11     | Reached ****** piety under Trog
 12867 | D:11     | Received a gift from Trog
 13232 | D:11     | Found a staircase to the Orcish Mines.
 13582 | D:12     | Reached XP level 12. HP: 96/106 MP: 12/12
 14464 | D:12     | Found a glowing silver altar of Zin.
 14571 | D:13     | Found a gate to the Vaults.
 14571 | D:13     | Noticed Rupert
 14571 | D:13     | Noticed a centaur warrior
 14571 | D:13     | Noticed a centaur warrior
 14571 | D:13     | Noticed Snorg
 14571 | D:13     | Noticed a rakshasa
 14799 | D:13     | Found Mastige's Antique Weapon Shoppe.
 14851 | D:13     | Reached skill level 13 in Long Blades
 14870 | D:13     | Killed Rupert
 15513 | D:13     | Killed a centaur warrior
 15552 | D:13     | Noticed a tengu warrior
 15810 | D:13     | Killed a tengu warrior
 15816 | D:13     | Killed Snorg
 15822 | D:13     | Killed a centaur warrior
 15886 | D:13     | Killed a rakshasa
 15919 | D:13     | Reached XP level 13. HP: 86/116 MP: 13/13
 16210 | D:13     | Reached skill level 14 in Long Blades
 16571 | D:13     | Received a gift from Trog
 17410 | D:13     | Found Ytywn's Magic Scroll Emporium.
 18543 | D:14     | Found a glowing silver altar of Zin.
 18543 | D:14     | Noticed a daeva
 18544 | D:14     | Found a runed translucent door.
 19068 | D:14     | Reached skill level 15 in Long Blades
 19682 | D:14     | Got an ancient falchion
 19750 | D:14     | Identified the +6 falchion of the Wary Beggars {antimagic,
                  | rPois Int+6 SInv} (You found it on level 14 of the Dungeon)
 19752 | D:15     | Entered Level 15 of the Dungeon
 20220 | D:15     | Found an opulent altar of Gozag.
 20246 | D:15     | Noticed an ettin
 20665 | D:15     | Killed an ettin
 20665 | D:15     | Gained mutation: Your tail ends in a poisonous barb. [Green
                  | Draconian growth]
 20665 | D:15     | Reached XP level 14. HP: 127/127 MP: 4/14
 21172 | D:15     | Found a staircase to the Depths.
 21284 | D:15     | Received a gift from Trog
 21617 | Orc:1    | Entered Level 1 of the Orcish Mines
 21617 | Orc:1    | Noticed a stone giant
 21780 | D:11     | Killed a stone giant
 23054 | Orc:2    | Entered Level 2 of the Orcish Mines
 23222 | Orc:2    | Found Roetzug's General Store.
 23562 | Orc:2    | Found Uhao's General Store.
 23924 | Orc:2    | Found Fyiko's General Store.
 24018 | Orc:2    | Found Neucuow's Food Shoppe.
 24039 | Orc:2    | HP: 4/127 [orc warrior/+0 long sword (7)]
 24040 | Orc:2    | Mangled by an orc warrior

Skill      XL: |  1  2  3  4  5  6  7  8  9 10 11 12 13 |
---------------+----------------------------------------+-----
Dodging        | 3 4 5 6 7 8 10 11 12 14 | 14.6
Long Blades    | 4 5 6 8 9 11 12 13 15 | 15.8
Fighting       | 4 5 6 7 9 10 11 12 | 12.8

Action                   |  1- 3 |  4- 6 |  7- 9 | 10-12 | 13-15 || total
-------------------------+-------+-------+-------+-------+-------++-------
Melee: Falchion          |    93 |   136 |   343 |   197 |   421 ||  1190
       Tailslap          |    15 |    18 |    65 |   132 |   173 ||   403
       Scimitar          |       |       |       |   498 |   218 ||   716
Throw: Tomahawk          |       |       |     1 |     2 |     2 ||     5
Invok: Berserk           |     2 |     2 |     7 |    21 |    12 ||    44
 Abil: Breathe Noxious F |       |       |     4 |    15 |    13 ||    32
Evoke: Wand              |       |       |       |       |     1 ||     1
  Use: Scroll            |     5 |     5 |    10 |     7 |     8 ||    35
       Potion            |       |       |     1 |     2 |     1 ||     4
 Stab: Sleeping          |       |     1 |     1 |     1 |       ||     3
       Confused          |       |       |     2 |     9 |    13 ||    24
  Eat: Chunk             |     4 |    10 |    12 |    35 |    31 ||    92
       Ration            |       |       |     2 |     5 |     2 ||     9
Armor: Skin              |    24 |    33 |    90 |   138 |    74 ||   359
Dodge: Dodged            |    88 |    77 |   213 |   504 |   462 ||  1344
       Deflected         |       |       |     1 |    11 |    16 ||    28
Block: Buckler           |       |    25 |    58 |    97 |   111 ||   291
       Rpst.: Falchion   |    39 |    28 |    60 |    32 |    84 ||   243
       Scimitar          |       |       |       |    79 |    28 ||   107
